 Dungeon Crawl Stone Soup version 0.20.1-1-g8b1a95d (webtiles) character file.

448 vatarom the Chopper (level 6, -1/47 HPs)
             Began as a Demonspawn Chaos Knight on Sept 1, 2017.
             Succumbed to a worker ant's poison
             ... on level 4 of the Dungeon.
             The game lasted 00:05:34 (2840 turns).

vatarom the Chopper (Demonspawn Chaos Knight)       Turns: 2840, Time: 00:05:34

Health: -1/47      AC:  9    Str: 13    XL:     6   Next: 73%
Magic:  15/15      EV: 11    Int: 13    God:    Xom [*.....]
Gold:   210        SH:  0    Dex: 14    Spells: 5/5 levels left

rFire    . . .     SeeInvis .   a - +0 hand axe (chaos)
rCold    . . .     Gourm    .   (no shield)
rNeg     . . .     Faith    .   b - +2 leather armour
rPois    .         Spirit   .   (helmet restricted)
rElec    .         Reflect  .   e - +0 cloak
rCorr    .         Harm     .   (no gloves)
MR       .....                  d - +1 pair of boots
Stlth    +.........             (no amulet)
Regen    0.2/turn               l - ring of magical power
MPRegen  0.2/turn               (no ring)

@: lethally poisoned (-1 -> -21)
A: horns 1, talons 2, demonic guardian 1, rot immunity
a: Renounce Religion


You were on level 4 of the Dungeon.
You worshipped Xom.
You were a special plaything of Xom.
You were hungry.

You visited 1 branch of the dungeon, and saw 5 of its levels.

You collected 210 gold pieces.

Inventory:

Hand Weapons
 a - a +0 hand axe of chaos (weapon)
Armour
 b - a +2 leather armour (worn)
 d - a +1 pair of boots (worn)
 e - a +0 cloak (worn)
Jewellery
 l - a ring of magical power (left hand)
Scrolls
 g - a scroll of amnesia
 j - a scroll of remove curse
 k - a scroll of summoning {unknown}
 o - a scroll of fog {unknown}
Comestibles
 c - a bread ration
 f - a meat ration
 h - a royal jelly
 m - a fruit


   Skills:
 - Level 3.0 Fighting
 + Level 5.3 Axes
 + Level 4.8 Armour
 - Level 0.8 Dodging


You had 5 spell levels left.
You didn't know any spells.

Dungeon Overview and Level Annotations

Branches:
Dungeon (5/15)
 Temple: D:4-7

Altars:
Vehumet


Innate Abilities, Weirdness & Mutations

You have a pair of small horns on your head.
You have razor-sharp toenails.
A weak demonic guardian rushes to your aid.
You are immune to rotting.


Message History

Your +0 pair of boots glows green for a moment.
* * * LOW HITPOINT WARNING * * *
You feel sick.
Something bites you but does no damage. x2
* * * LOW HITPOINT WARNING * * *
You feel sick.
You hit something. You freeze something. Your headbutt misses something.
* * * LOW HITPOINT WARNING * * *
You feel sick. Something bites you but does no damage.
You hit something but do no damage.
* * * LOW HITPOINT WARNING * * *
You feel sick. Something bites you but does no damage. Something bites you.
* * * LOW HITPOINT WARNING * * *
You are more poisoned.
Something poisons you!
You hit something. You burn something.
* * * LOW HITPOINT WARNING * * *
You feel sick. Something bites you but does no damage.
You closely miss something. Your headbutt misses something.
You die...
Xom laughs nastily!

........#
........#
........#
.......%#
........##
.........#
.........####
..........{.#
###########@#
......>...#
..........##
########...#
#############
#...#
#............
#...#
#.##########.
#...# #.#...#
#. #...#
#.#.#.# #.
#...###.#.#.#
#.


There were no monsters in sight!

Vanquished Creatures
  Sigmund (D:3)
  An orc priest (D:3)
  Terence (D:2)
  An iguana (D:4)
  A hound skeleton (D:5)
  4 gnolls (D:3)
  3 adders
  2 worms
  A dart slug (D:1)
  A leopard gecko (D:2)
  6 orcs
  5 bats
  4 giant cockroaches
  3 goblins
  9 hobgoblins
  5 jackals (D:2)
  2 ball pythons (D:3)
  4 frilled lizards
  5 kobolds
  12 rats
71 creatures vanquished.

Vanquished Creatures (collateral kills)
  A crimson imp (D:5)
  A bullfrog zombie (D:5)
  2 orc wizards (D:4)
  2 orcs (D:3)
  2 rats
8 creatures vanquished.

Grand Total: 79 creatures vanquished

Notes
Turn   | Place    | Note
-------+----------+-------------------------------------------
     0 | D:1      | vatarom the Demonspawn Chaos Knight began the quest for the Orb.
     0 | D:1      | Reached XP level 1. HP: 18/18 MP: 1/1
   143 | D:1      | XOM: silly message
   152 | D:1      | Reached skill level 3 in Axes
   230 | D:1      | Gained mutation: A weak demonic guardian rushes to your aid. [demonic ancestry]
   230 | D:1      | Reached XP level 2. HP: 22/24 MP: 2/2
   640 | D:1      | XOM: mild Chrm miscast
   780 | D:2      | Noticed Terence
   787 | D:2      | Killed Terence
   787 | D:2      | Gained mutation: You have sharp toenails. [demonic ancestry]
   787 | D:2      | Reached XP level 3. HP: 28/29 MP: 3/3
  1102 | D:2      | XOM: god gift: scroll labeled VUJ QU DEUPIZ {god gift}
  1117 | D:2      | Found a radiant altar of Vehumet.
  1167 | D:2      | Gained mutation: You are immune to rotting. [demonic ancestry]
  1167 | D:2      | Reached XP level 4. HP: 27/35 MP: 4/4
  1350 | D:2      | XOM: noise
  1642 | D:3      | Reached skill level 4 in Axes
  1679 | D:3      | XOM: mild Hex miscast
  1741 | D:3      | Noticed Sigmund
  1747 | D:3      | XOM: 2-stop teleportation journey
  1870 | D:3      | Gained mutation: You have a pair of small horns on your head. [demonic ancestry]
  1870 | D:3      | Reached XP level 5. HP: 41/41 MP: 5/5
  1876 | D:3      | XOM: harmless Air miscast
  2007 | D:3      | XOM: summons friendly quasit
  2011 | D:3      | Killed Sigmund
  2011 | D:3      | Gained mutation: You have razor-sharp toenails. [demonic ancestry]
  2011 | D:3      | Reached XP level 6. HP: 42/47 MP: 6/6
  2193 | D:3      | You fall through a shaft for 2 floors!
  2193 | D:5      | Entered Level 5 of the Dungeon
  2214 | D:5      | XOM: blink monster(s)
  2215 | D:5      | Reached skill level 5 in Axes
  2307 | D:3      | HP: 2/47 [orc/whip (4)]
  2839 | D:4      | HP: 1/47 [poisoned by a worker ant]
  2840 | D:4      | Succumbed to a worker ant's poison

Skill      XL: |  1  2  3  4  5  6 |
---------------+-------------------+-----
Axes           | 3 4 5 |  5.3
Armour         | 2 3 4 |  4.8
Fighting       | |  3.0
Dodging        | |  0.8

Action                   |  1- 3 |  4- 6 || total
-------------------------+-------+-------++-------
Melee: Hand axe          |    80 |   120 ||   200
       Kick              |     6 |       ||     6
       Headbutt          |       |    13 ||    13
  Use: Scroll            |     6 |     1 ||     7
       Potion            |       |     3 ||     3
 Stab: Paralysed         |     3 |     1 ||     4
       Distracted        |       |     1 ||     1
  Eat: Chunk             |     1 |       ||     1
       Bread ration      |       |     1 ||     1
Armor: Leather armour    |    31 |    42 ||    73
Dodge: Dodged            |    52 |    59 ||   111
